 Dungeon Crawl Stone Soup version 0.32-a0-995-gb4a59205af (webtiles) character file.

Game seed: 13385178807391922249

1058 Cedruin the Chopper (level 8, 0/56 (61) HPs)
             Began as a Coglin Gladiator on Apr 22, 2024.
             Was a Follower of Okawaru.
             Killed from afar by a white imp (3 damage)
             ... with a puff of frost
             ... on level 6 of the Dungeon.
             The game lasted 00:11:01 (5003 turns).

Cedruin the Chopper (Coglin Gladiator)              Turns: 5003, Time: 00:11:02

HP:   0/56 (61)     AC:  7    Str: 14    XL:     8   Next: 27%
MP:   9/9           EV: 12    Int:  9    God:    Okawaru [*.....]
Gold: 221           SH:  0    Dex: 17    Spells: 7/7 levels left

rFire   . . .        v - +2 trident (flame) {Seojun}
rCold   . . .        q - +4 hand axe (freeze) {Xolani}
rNeg    . . .        f - +0 ring mail
rPois   .            c - +0 helmet
rElec   .            (no cloak)
rCorr   .            (no gloves)
SInv    .            (no boots)
Will    .....        (amulet unavailable)
Stlth   +            (ring unavailable)
HPRegen 0.29/turn    (ring unavailable)
MPRegen 0.11/turn    (no gizmo)

%: no passive effects
@: drained, revving
A: off-hand wielding, slow wielding, warmup strikes, no jewellery
a: Invent Gizmo, Renounce Religion, Heroism


You were on level 6 of the Dungeon.
You worshipped Okawaru.
Okawaru was aware of your devotion.
You visited 2 branches of the dungeon, and saw 7 of its levels.

You collected 221 gold pieces.

Inventory:

Hand Weapons
 a - a +0 war axe of freezing {Hwan}
 q - a +4 hand axe of freezing (offhand) {Xolani}
 v - a +2 trident of flaming (weapon) {Seojun}
Missiles
 d - a throwing net (quivered)
 e - 5 javelins
 i - 4 atropa-tipped darts
 l - 6 poisoned darts
Armour
 c - a +0 helmet (worn)
 f - a +0 ring mail (worn)
 t - a +0 leather armour of poison resistance
Wands
 p - a wand of warping (1)
 s - a wand of flame (5)
Potions
 b - a potion of haste {unknown}
 j - a potion of heal wounds {unknown}
 n - 2 potions of lignification {unknown}


   Skills:
 + Level 4.9 Fighting
 + Level 5.4 Axes
 - Level 1.7 Throwing
 + Level 3.8 Armour
 + Level 4.9 Dodging
 + Level 1.7 Invocations


You had 7 spell levels left.
You didn't know any spells.
Your spell library contained the following spells:

 Spells                   Type           Power      Damage    Failure   Level
 Foxfire                  Conj/Fire      0%         2x1d4     61%         1
 Magic Dart               Conj           0%         1d3       61%         1
 Searing Ray              Conj           0%         2d4       75%         2
 Maxwell's Portable Pile  Tloc           0%         2d(5-13)  93%         3
 Fulminant Prism          Conj/Alch      0%         3d5       100%        4
 Plasma Beam              Fire/Air       0%         2x1d10    100%        6
 Starburst                Conj/Fire      0%         6d3       100%        6
 Magnavolt                Erth/Air       0%         3d9       100%        7
 Maxwell's Capacitive Co  Air            0%         ∞         100%        8


Dungeon Overview and Level Annotations

Branches:
Dungeon (6/15)             Temple (1/1) D:4

Altars:
Ashenzari
Cheibriados
Elyvilon
Fedhas
Gozag
Hepliaklqana
Kikubaaqudgha
Okawaru
Qazlal
Vehumet
Wu Jian
Xom
The Shining One

Annotations:
D:3 3 runed translucent doors, NotBatman's ghost, amateur GnWn


Innate Abilities, Weirdness & Mutations

You can wield a second weapon in your off-hand.
It takes a long time for you to wield or remove held weapons.
Your first few attacks do less damage.
You cannot equip rings or amulets.


Message History

You hit the wight with your +4 hand axe of freezing.
The wight is lightly damaged.
You completely miss the wight with your +2 trident of flaming.
The wight hits you with a +3 morningstar!
You feel drained.
* * * LOW HITPOINT WARNING * * *
The white imp gestures at you. The puff of frost misses you.
You feel better.
The wight hits you with a +3 morningstar!
* * * LOW HITPOINT WARNING * * *
You feel drained.
* * * LOW HITPOINT WARNING * * *
The white imp gestures at you. The puff of frost misses you.
You aren't carrying any scrolls.
Throw: 3 throwing nets
Press: ? - help, Q - select action, (/) - cycle Shift-Dir - straight line, f - wight
Aim: a wight, wielding a +3 morningstar and wearing a +0 robe (lightly damaged, 59% to hit)
You throw a throwing net. The throwing net hits the wight.
The wight is caught in the net!
The wight is lightly damaged.
The wight struggles against the net.
The wight struggles against the net.
The wight struggles against the net.
The white imp gestures at you. The puff of frost hits you.
* * * LOW HITPOINT WARNING * * *
Throw: 2 throwing nets
Press: ? - help, Q - select action, (/) - cycle Shift-Dir - straight line, f - white imp, p - wight
Aim: a white imp (59% to hit)
You throw a throwing net.
The throwing net closely misses the white imp.
The wight struggles against the net.
You closely miss the white imp with your +4 hand axe of freezing.
You hit the white imp but do no damage.
The wight struggles against the net.
An orc comes into view. It is wielding a +0 short sword.
The white imp gestures at you. The puff of frost hits you.
You die...

#.?.....
#...o.#
#.....#
+.....#
#####.....##
#...(....:..
#z.).# #.5..#
#$@..#
#$#....####+
#...<........
#####........
.........
##.####.# .#
# .# ?#


You could see a wight (caught), a white imp and an orc (wandering).

Vanquished Creatures
  2 black bears
  A sky beast (D:5)
  An ogre (D:4)
  2 scorpions
  A wight (D:3)
  4 bombardier beetles
  An orc priest (D:4)
  3 iguanas (D:5)
  Ijyb (D:5)
  A sleepcap (D:5)
  An orc wizard (D:6)
  11 adders
  A shadow imp (D:5)
  2 ufetubi (D:5)
  3 dart slugs
  2 ribbon worms (D:2)
  18 orcs
  4 endoplasms
  3 giant cockroaches
  9 goblins
  6 hobgoblins
  2 jackals (D:1)
  6 kobolds
  3 quokkas
  3 ball pythons
  8 bats
  4 frilled lizards
  5 rats
108 creatures vanquished.

Notes
Turn   | Place    | Note
-------+----------+-------------------------------------------
     0 | D:1      | Cedruin the Coglin Gladiator began the quest for the Orb.
     0 | D:1      | Reached XP level 1. HP: 16/16 MP: 1/1
    92 | D:1      | Reached XP level 2. HP: 22/22 MP: 2/2
   366 | D:1      | Reached skill level 1 in Armour
   366 | D:1      | Reached XP level 3. HP: 25/28 MP: 3/3
   751 | D:2      | Identified the +0 ring mail of Yjeohanox {Harm rPois rC-
                  | Str+4}
  1062 | D:2      | Reached XP level 4. HP: 29/34 MP: 4/4
  1190 | D:2      | Found a faded altar of an unknown god.
  1356 | D:2      | Found a stormy altar of Qazlal.
  1832 | D:3      | Found a snail-covered altar of Cheibriados.
  1884 | D:3      | Reached XP level 5. HP: 40/41 MP: 5/5
  1928 | D:3      | Found a runed translucent gate.
  1928 | D:3      | Found a runed translucent gate.
  1928 | D:3      | Found a runed translucent gate.
  1929 | D:3      | Noticed NotBatman's ghost (amateur GnWn)
  1933 | D:3      | Noticed a kobold brigand
  2271 | D:4      | Noticed an ogre
  2273 | D:4      | Killed an ogre
  2274 | D:4      | Reached skill level 4 in Axes
  2286 | D:4      | Reached XP level 6. HP: 26/47 MP: 6/6
  2518 | D:4      | Noticed a black bear
  2954 | D:3      | Killed a black bear
  2955 | D:3      | Reached XP level 7. HP: 20/54 MP: 7/7
  3421 | D:4      | Found a staircase to the Ecumenical Temple.
  3431 | Temple   | Entered the Ecumenical Temple
  3444 | Temple   | Became a worshipper of Warmaster Okawaru
  3636 | D:5      | Entered Level 5 of the Dungeon
  3843 | D:5      | Reached skill level 5 in Axes
  3845 | D:5      | Reached skill level 1 in Invocations
  3924 | D:5      | Found a blossoming altar of Fedhas.
  4027 | D:5      | Reached XP level 8. HP: 58/61 MP: 8/8
  4066 | D:5      | Reached * piety under Okawaru
  4069 | D:5      | Found a radiant altar of Vehumet.
  4252 | D:5      | Found a hazy altar of Hepliaklqana.
  4534 | D:5      | Noticed Ijyb
  4539 | D:5      | Killed Ijyb
  5003 | D:6      | Killed from afar by a white imp

Illustrated notes

Levels and vault maps discovered:
D:1:      amcnicky_arrival_single_pillar, layout_loops_ring
D:2:      layout_basic, basic_altar, shapermc_ecumenical_altar_ellora
D:3:      layout_rooms, kennysheep_slug_shrine, gammafunk_ghost_nasty_kobolds
D:4:      layout_basic, temple_hall, serial_bayou_pond_b
D:5:      layout_layer_cave, mainiacjoe_overflow_cross_hatched,
          nicolae_overflow_crystal_walls, vehumet_altar_wand_db,
          nicolae_sextant, uniq_ijyb
D:6:      layout_basic, lightli_ossuary_entry_decrepit_ruins, serial_shops,
          shop, nicolae_shop_advertising_works [nicolae_subvault_shop_adworks],
          shop, shop, nicolae_shop_hallway_plus
Temple:   nicolae_temple_bog_church

Skill      XL: |  1  2  3  4  5  6  7 |
---------------+----------------------+-----
Armour         | 1 2 3 |  3.8
Dodging        | 3 4 |  4.9
Fighting       | 3 4 |  4.9
Axes           | 4 5 |  5.4
Invocations    | 1 |  1.7
Throwing       | |  1.7

Action                     |  1- 3 |  4- 6 |  7- 9 || total
---------------------------+-------+-------+-------++-------
  Melee: War axe           |    65 |     9 |       ||    74
         Dagger            |    23 |    43 |    53 ||   119
         Hand axe          |    37 |    50 |    93 ||   180
         Trident           |       |       |    31 ||    31
  Throw: Throwing net      |       |       |     2 ||     2
  Evoke: Wand              |       |     4 |     1 ||     5
    Use: Scroll            |     2 |     1 |     5 ||     8
         Potion            |     2 |       |     1 ||     3
   Stab: Sleeping          |     2 |       |       ||     2
 Armour: Leather armour    |    54 |       |       ||    54
         Ring mail         |     9 |    56 |    78 ||   143
  Dodge: Dodged            |    48 |    37 |    58 ||   143

Table legend: (Time is in decaauts)
 A = Elapsed time spent in this place.
 B = Non-inter-level travel time spent in this place.
 C = Inter-level travel time spent in this place.
 D = Time resting spent in this place.
 E = Time spent auto-exploring this place.
 F = Levels seen in this place.
 G = Mean time per level.
                   A        B        C        D        E       F      G
               +--------+--------+--------+--------+--------+-----+--------+
         Total |   5038 |   4840 |    198 |    825 |   3237 |   7 |  719.7 |
       Dungeon |   5012 |   4824 |    188 |    825 |   3237 |   6 |  835.3 |
        Temple |     25 |     15 |     10 |      0 |      0 |   1 |   25.0 |
               +--------+--------+--------+--------+--------+-----+--------+

Top non-repeatable levels by time:
     D:5: 1353 daAuts
     D:3: 1167 daAuts
     D:2: 971 daAuts
     D:4: 774 daAuts
     D:1: 729 daAuts
  Temple: 25 daAuts
     D:6: 17 daAuts
